TOP OF THE 1ST |
Winnipeg Goldeyes batting - Pitching for New Jersey Devils : RHP Adrian Colorado
|
Pitching: RHP Adrian Colorado
|
|
Batting: RHB John Dew
|
0-0: Called Strike 0-1: Ball 1-1: Ball 2-1: Foul Ball, location: 2F 2-2: Fly out, F8 (Flyball, 8RM, EV 89.4 MPH)
|
Batting: RHB David McClellan
|
0-0: Called Strike 0-1: Ground out U3 (Groundball, 3, EV 88.1 MPH)
|
Batting: RHB Steve Raine
|
0-0: Called Strike 0-1: Ball 1-1: Swinging Strike 1-2: Strikes out swinging
|
Top of the 1st over - 0 runs, 0 hits, 0 errors, 0 left on base; Winnipeg 0 - New Jersey 0 |
BOTTOM OF THE 1ST |
New Jersey Devils batting - Pitching for Winnipeg Goldeyes : RHP Carlos Palacios
|
Pitching: RHP Carlos Palacios
|
|
Batting: RHB Larry Shoop
|
0-0: Called Strike 0-1: Ball 1-1: Foul Ball, location: 2F 1-2: Strikes out swinging
|
Batting: RHB Jose Lara
|
0-0: Foul Ball, location: 2F 0-1: Fly out, F6 (Flyball, 6MD, EV 86.9 MPH)
|
Batting: RHB Gang-sheng Chew
|
0-0: Hit by Pitch
|
Batting: LHB Bayesa Mundhir
|
0-0: Called Strike 0-1: Ground out 4-3 (Groundball, 34, EV 101.2 MPH)
|
Bottom of the 1st over - 0 runs, 0 hits, 0 errors, 1 left on base; Winnipeg 0 - New Jersey 0 |
TOP OF THE 2ND |
Winnipeg Goldeyes batting - Pitching for New Jersey Devils : RHP Adrian Colorado
|
Batting: RHB Willie Jimenez
|
0-0: Ball 1-0: SINGLE (Groundball, 4M, EV 108.8 MPH)
|
Batting: LHB Marvin Shepherd
|
0-0: Ball 1-0: Called Strike 1-1: SINGLE (Line Drive, 3D, EV 108.1 MPH) Willie Jimenez to second Runner from 2nd tries for 3rd, SAFE, throw by RF made to third
|
Batting: LHB Kuemon Shishido
|
0-0: Ball 1-0: Fly out, F4 (Flyball, 4D, EV 75.6 MPH)
|
Batting: RHB Antonio Santos
|
0-0: Called Strike Marvin Shepherd steals 2nd base 0-1: Swinging Strike 0-2: Foul Ball, location: 2F 0-2: Strikes out swinging
|
Batting: RHB Ton van Dijk
|
0-0: Ball 1-0: Swinging Strike 1-1: Swinging Strike 1-2: Ball 2-2: Ball 3-2: Base on Balls
|
Batting: RHB Ricky Pizarro
|
0-0: Ball 1-0: Called Strike 1-1: Foul Ball, location: 2F 1-2: Ball 2-2: Fly out, F7 (Flyball, 78M, EV 90.0 MPH)
|
Top of the 2nd over - 0 runs, 2 hits, 0 errors, 3 left on base; Winnipeg 0 - New Jersey 0 |
BOTTOM OF THE 2ND |
New Jersey Devils batting - Pitching for Winnipeg Goldeyes : RHP Carlos Palacios
|
Batting: RHB Chris Artz
|
0-0: SINGLE (Groundball, 56D, EV 98.8 MPH)
|
Batting: SHB Jerry Burrows
|
0-0: Foul Ball, location: 2F 0-1: Foul Ball, location: 2F 0-2: Foul Ball, location: 2F 0-2: Strikes out swinging Chris Artz is caught stealing 2nd base 2-6 Batter strikes out.
|
Batting: RHB Brian Bonin
|
0-0: Swinging Strike 0-1: Swinging Strike 0-2: Ball 1-2: Ball 2-2: Ball 3-2: Strikes out looking
|
Bottom of the 2nd over - 0 runs, 1 hit, 0 errors, 0 left on base; Winnipeg 0 - New Jersey 0 |
TOP OF THE 3RD |
Winnipeg Goldeyes batting - Pitching for New Jersey Devils : RHP Adrian Colorado
|
Batting: RHB John Dew
|
0-0: Ball 1-0: Ground out 4-3 (Groundball, 4M, EV 83.8 MPH)
|
Batting: RHB David McClellan
|
0-0: Ball 1-0: Ground out 5-3 (Groundball, 56S, EV 86.2 MPH)
|
Batting: RHB Steve Raine
|
0-0: Foul Ball, location: 2F 0-1: Called Strike 0-2: Ground out 6-3 (Groundball, 6, EV 81.9 MPH)
|
Top of the 3rd over - 0 runs, 0 hits, 0 errors, 0 left on base; Winnipeg 0 - New Jersey 0 |
BOTTOM OF THE 3RD |
New Jersey Devils batting - Pitching for Winnipeg Goldeyes : RHP Carlos Palacios
|
Batting: RHB Chris Graham
|
0-0: Called Strike 0-1: Foul Ball, location: 2F 0-2: Ball 1-2: Strikes out swinging
|
Batting: RHB Mike Hanks
|
0-0: Swinging Strike 0-1: Swinging Strike 0-2: Strikes out swinging
|
Batting: RHB Larry Shoop
|
0-0: Ball 1-0: Single, Error in OF, E7, batter to second base (Groundball, 56D, EV 104.4 MPH)
|
Batting: RHB Jose Lara
|
0-0: Ball 1-0: Foul Ball, location: 2F 1-1: Ball 2-1: Swinging Strike 2-2: Foul Ball, location: 2F 2-2: Strikes out swinging
|
Bottom of the 3rd over - 0 runs, 1 hit, 1 error, 1 left on base; Winnipeg 0 - New Jersey 0 |
TOP OF THE 4TH |
Winnipeg Goldeyes batting - Pitching for New Jersey Devils : RHP Adrian Colorado
|
Batting: RHB Willie Jimenez
|
0-0: Foul Ball, location: 2F 0-1: Called Strike 0-2: Ball 1-2: Ball 2-2: Strikes out looking
|
Batting: LHB Marvin Shepherd
|
0-0: Ball 1-0: Ball 2-0: Swinging Strike 2-1: Called Strike 2-2: Strikes out swinging
|
Batting: LHB Kuemon Shishido
|
0-0: Ball 1-0: DOUBLE (Groundball, 3L, EV 103.1 MPH)
|
Batting: RHB Antonio Santos
|
0-0: Ground out 6-3 (Groundball, 6, EV 109.4 MPH)
|
Top of the 4th over - 0 runs, 1 hit, 0 errors, 1 left on base; Winnipeg 0 - New Jersey 0 |
BOTTOM OF THE 4TH |
New Jersey Devils batting - Pitching for Winnipeg Goldeyes : RHP Carlos Palacios
|
Pitching: RHP Larry Muttart
|
|
Batting: RHB Gang-sheng Chew
|
0-0: Called Strike 0-1: Ball 1-1: SOLO HOME RUN (Flyball, 7LD, EV 93.8 MPH), Distance : 343 ft
|
Batting: LHB Bayesa Mundhir
|
0-0: Ball 1-0: Ground out 5-3 (Groundball, 56, EV 103.1 MPH)
|
Batting: RHB Chris Artz
|
0-0: Reached on error, E3 (Flyball, 3D, EV 89.4 MPH)
|
Batting: SHB Jerry Burrows
|
0-0: Called Strike 0-1: SINGLE (Groundball, 56D, EV 106.9 MPH) Chris Artz to second
|
Batting: RHB Brian Bonin
|
0-0: Grounds into double play, 4-6-3 (Groundball, 4, EV 101.2 MPH)
|
Bottom of the 4th over - 1 run, 2 hits, 1 error, 1 left on base; Winnipeg 0 - New Jersey 1 |
TOP OF THE 5TH |
Winnipeg Goldeyes batting - Pitching for New Jersey Devils : RHP Adrian Colorado
|
Batting: RHB Ton van Dijk
|
0-0: Ball 1-0: Ball 2-0: Called Strike 2-1: Ball 3-1: Base on Balls
|
Batting: RHB Ricky Pizarro
|
0-0: Ball Ton van Dijk steals 2nd base 1-0: Called Strike 1-1: Ground out 5-3 (Groundball, 56, EV 104.4 MPH)
|
Batting: RHB John Dew
|
0-0: Ball 1-0: Called Strike 1-1: Fly out, F7 (Flyball, 78M, EV 91.2 MPH)
|
Batting: RHB David McClellan
|
0-0: Ball 1-0: Ball 2-0: Called Strike 2-1: Called Strike 2-2: Foul Ball, location: 2F 2-2: TRIPLE (Flyball, 78XD, EV 87.5 MPH) Ton van Dijk scores
|
Batting: RHB Steve Raine
|
0-0: Called Strike 0-1: Ball 1-1: Foul Ball, location: 2F 1-2: Ball 2-2: Ball 3-2: DOUBLE (Groundball, 5L, EV 105.0 MPH) David McClellan scores
|
Batting: RHB Willie Jimenez
|
0-0: Fly out, F8 (Line Drive, 8LM, EV 98.8 MPH)
|
Top of the 5th over - 2 runs, 2 hits, 0 errors, 1 left on base; Winnipeg 2 - New Jersey 1 |
BOTTOM OF THE 5TH |
New Jersey Devils batting - Pitching for Winnipeg Goldeyes : RHP Larry Muttart
|
Batting: RHB Chris Graham
|
0-0: Ground out 6-3 (Groundball, 6, EV 85.0 MPH)
|
Batting: RHB Mike Hanks
|
0-0: Ball 1-0: Ball 2-0: DOUBLE (Groundball, 5L, EV 101.9 MPH)
|
Batting: RHB Larry Shoop
|
0-0: Ball 1-0: Ball 2-0: Ball 3-0: Called Strike 3-1: Base on Balls
|
Pitching: LHP Kevin Drew
|
|
Batting: RHB Jose Lara
|
0-0: Ball 1-0: Ball 2-0: Grounds into double play, 6-4-3 (Groundball, 6S, EV 84.4 MPH)
|
Bottom of the 5th over - 0 runs, 1 hit, 0 errors, 1 left on base; Winnipeg 2 - New Jersey 1 |
TOP OF THE 6TH |
Winnipeg Goldeyes batting - Pitching for New Jersey Devils : RHP Adrian Colorado
|
Batting: LHB Marvin Shepherd
|
0-0: Called Strike 0-1: Foul Ball, location: 2F 0-2: Ball 1-2: Ball 2-2: Ball 3-2: Foul Ball, location: 2F 3-2: Ground out 5-3 (Groundball, 56, EV 99.4 MPH)
|
Batting: LHB Kuemon Shishido
|
0-0: Ball 1-0: Called Strike 1-1: Ground out U3 (Groundball, 34, EV 98.8 MPH)
|
Batting: RHB Antonio Santos
|
0-0: Ball 1-0: Ball 2-0: Called Strike 2-1: Called Strike 2-2: Ball 3-2: Base on Balls
|
Batting: RHB Ton van Dijk
|
0-0: Ball 1-0: Foul Ball, location: 2F 1-1: Swinging Strike 1-2: Foul Ball, location: 2F 1-2: Ground out 1-3 (Groundball, 13, EV 64.4 MPH)
|
Top of the 6th over - 0 runs, 0 hits, 0 errors, 1 left on base; Winnipeg 2 - New Jersey 1 |
BOTTOM OF THE 6TH |
New Jersey Devils batting - Pitching for Winnipeg Goldeyes : LHP Kevin Drew
|
Batting: RHB Gang-sheng Chew
|
0-0: Ball 1-0: Called Strike 1-1: SOLO HOME RUN (Flyball, 78XD, EV 112.5 MPH), Distance : 437 ft
|
Batting: LHB Bayesa Mundhir
|
0-0: Fly out, F9 (Line Drive, 9, EV 102.5 MPH)
|
Batting: RHB Chris Artz
|
0-0: Hit by Pitch
|
Batting: SHB Jerry Burrows
|
0-0: Called Strike 0-1: Ball 1-1: SINGLE (Line Drive, 3D, EV 94.4 MPH) Chris Artz to second
|
Batting: RHB Brian Bonin
|
0-0: Foul Ball, location: 2F 0-1: Foul Ball, location: 2F 0-2: Ball 1-2: Foul Ball, location: 2F 1-2: Ball 2-2: Strikes out swinging
|
Batting: RHB Chris Graham
|
0-0: Called Strike 0-1: 3-RUN HOME RUN (Flyball, 7LD, EV 91.2 MPH), Distance : 335 ft
|
Pitching: LHP David Gordon
|
|
Batting: RHB Mike Hanks
|
0-0: Swinging Strike 0-1: Ball 1-1: Swinging Strike 1-2: Ball 2-2: Ball 3-2: Strikes out swinging
|
Bottom of the 6th over - 4 runs, 3 hits, 0 errors, 0 left on base; Winnipeg 2 - New Jersey 5 |
TOP OF THE 7TH |
Winnipeg Goldeyes batting - Pitching for New Jersey Devils : RHP Adrian Colorado
|
Batting: RHB Ricky Pizarro
|
0-0: Reached on error, E6 (Groundball, 6, EV 104.4 MPH)
|
Batting: RHB John Dew
|
0-0: Called Strike 0-1: Swinging Strike 0-2: Foul Ball, location: 2F 0-2: Ball 1-2: Strikes out swinging
|
Batting: RHB David McClellan
|
0-0: Ball 1-0: Foul Ball, location: 2F 1-1: Ground out 6-3 (Groundball, 6, EV 85.6 MPH)
|
Batting: RHB Steve Raine
|
0-0: Ball 1-0: Ground out 5-3 (Groundball, 5S, EV 90.6 MPH)
|
Top of the 7th over - 0 runs, 0 hits, 1 error, 1 left on base; Winnipeg 2 - New Jersey 5 |
BOTTOM OF THE 7TH |
New Jersey Devils batting - Pitching for Winnipeg Goldeyes : LHP David Gordon
|
Batting: RHB Larry Shoop
|
0-0: Ball 1-0: TRIPLE (Flyball, 78XD, EV 98.8 MPH)
|
Batting: RHB Jose Lara
|
0-0: Ball 1-0: Ball 2-0: Swinging Strike 2-1: Swinging Strike 2-2: SINGLE (Groundball, 4MD, EV 108.8 MPH) Larry Shoop scores
|
Batting: RHB Gang-sheng Chew
|
0-0: Foul Ball, location: 2F 0-1: Ball 1-1: Ball 2-1: Foul Ball, location: 2F 2-2: Foul Ball, location: 2F 2-2: Ball 3-2: Base on Balls Jose Lara to second
|
Pitching: RHP Tom Winsor
|
|
Batting: LHB Bayesa Mundhir
|
0-0: Called Strike 0-1: Ball 1-1: Ball 2-1: Foul Ball, location: 2F 2-2: Strikes out swinging
|
Batting: RHB Chris Artz
|
0-0: Called Strike 0-1: Ball 1-1: Swinging Strike 1-2: Strikes out swinging
|
Batting: SHB Jerry Burrows
|
0-0: DOUBLE (Line Drive, 89D, EV 104.4 MPH) Jose Lara scores Gang-sheng Chew to third
|
Batting: RHB Brian Bonin
|
0-0: Called Strike 0-1: Called Strike 0-2: Strikes out swinging
|
Bottom of the 7th over - 2 runs, 3 hits, 0 errors, 2 left on base; Winnipeg 2 - New Jersey 7 |
TOP OF THE 8TH |
Winnipeg Goldeyes batting - Pitching for New Jersey Devils : RHP Adrian Colorado
|
Batting: RHB Willie Jimenez
|
0-0: Ball 1-0: Ball 2-0: Ground out 6-3 (Groundball, 6, EV 81.9 MPH)
|
Pitching: LHP Joe Edwards
|
|
Batting: LHB Marvin Shepherd
|
0-0: Foul Ball, location: 2F 0-1: Fly out, F8 (Line Drive, 8RS, EV 105.0 MPH)
|
Batting: LHB Kuemon Shishido
|
0-0: Ball 1-0: Called Strike 1-1: Ball 2-1: Called Strike 2-2: Ball 3-2: Fly out, F8 (Line Drive, 8RM, EV 85.6 MPH)
|
Top of the 8th over - 0 runs, 0 hits, 0 errors, 0 left on base; Winnipeg 2 - New Jersey 7 |
BOTTOM OF THE 8TH |
New Jersey Devils batting - Pitching for Winnipeg Goldeyes : RHP Tom Winsor
|
Batting: RHB Chris Graham
|
0-0: Ball 1-0: Foul Ball, location: 2F 1-1: Ball 2-1: Ball 3-1: SINGLE (Flyball, 6D, EV 88.8 MPH)
|
Pitching: RHP Tim Weller
|
|
Batting: RHB Mike Hanks
|
0-0: Ball 1-0: Called Strike 1-1: SINGLE (Line Drive, 89S, EV 100.0 MPH) Chris Graham to second
|
Batting: RHB Larry Shoop
|
0-0: Ball 1-0: Foul Ball, location: 2F 1-1: 3-RUN HOME RUN (Line Drive, 7D, EV 98.1 MPH), Distance : 381 ft
|
Batting: RHB Jose Lara
|
0-0: Ball 1-0: Ball 2-0: Ball 3-0: Called Strike 3-1: Swinging Strike 3-2: Base on Balls
|
Batting: RHB Gang-sheng Chew
|
0-0: Ball 1-0: Ball 2-0: Called Strike 2-1: Foul Ball, location: 2F 2-2: Ball 3-2: Foul Ball, location: 2F 3-2: Foul Ball, location: 2F 3-2: Base on Balls Jose Lara to second
|
Pitching: RHP Scot Abbott
|
|
Batting: LHB Bayesa Mundhir
|
0-0: Ball 1-0: Ball 2-0: Ball 3-0: Base on Balls Jose Lara to third Gang-sheng Chew to second
|
Batting: RHB Chris Artz
|
0-0: Called Strike 0-1: Foul Ball, location: 2F 0-2: Ball 1-2: Fly out, F4 (Flyball, 4D, EV 84.4 MPH)
|
Batting: SHB Jerry Burrows
|
0-0: Called Strike 0-1: Fly out, F5 (Popup, 5SF, EV 71.2 MPH)
|
Batting: RHB Brian Bonin
|
0-0: Ball 1-0: Ball 2-0: Ball 3-0: Base on Balls Jose Lara scores Gang-sheng Chew to third Bayesa Mundhir to second
|
Batting: RHB Chris Graham
|
0-0: Called Strike 0-1: Ball 1-1: Ball 2-1: GRAND SLAM HOME RUN (Flyball, 7D, EV 95.0 MPH), Distance : 372 ft
|
Pitching: RHP Aaron Elliott
|
|
Batting: RHB Mike Hanks
|
0-0: Called Strike 0-1: SINGLE (Groundball, 25, EV 72.5 MPH) (infield hit)
|
Batting: RHB Larry Shoop
|
0-0: Ball Wild Pitch! Mike Hanks to second 1-0: Foul Ball, location: 2F 1-1: SINGLE (Groundball, P, EV 87.5 MPH) (infield hit) Mike Hanks to third
|
Batting: RHB Jose Lara
|
0-0: Foul Ball, location: 2F 0-1: Ball 1-1: Ball 2-1: SINGLE (Groundball, 4D, EV 110.6 MPH) Mike Hanks scores Larry Shoop to second
|
Batting: RHB Gang-sheng Chew
|
0-0: Ball 1-0: Called Strike 1-1: Called Strike 1-2: Ball 2-2: Foul Ball, location: 2F 2-2: Foul Ball, location: 2F 2-2: Fielders Choice at 2nd, U4 (Groundball, 4M, EV 104.4 MPH)
|
Bottom of the 8th over - 9 runs, 7 hits, 0 errors, 2 left on base; Winnipeg 2 - New Jersey 16 |
TOP OF THE 9TH |
Winnipeg Goldeyes batting - Pitching for New Jersey Devils : LHP Joe Edwards
|
Batting: RHB Antonio Santos
|
0-0: Called Strike 0-1: Ball 1-1: Foul Ball, location: 2F 1-2: Ball 2-2: Ball 3-2: Foul Ball, location: 2F 3-2: Base on Balls
|
Batting: RHB Ton van Dijk
|
0-0: Called Strike 0-1: Foul Ball, location: 2F 0-2: Ball 1-2: Ball 2-2: Strikes out swinging
|
Pinch Hitting: SHB Ian Thompson
|
0-0: Ball 1-0: Called Strike 1-1: Ball Wild Pitch! Antonio Santos to second 2-1: Called Strike 2-2: Foul Ball, location: 2F 2-2: Reached on error, E6 (Groundball, 6, EV 90.0 MPH) Antonio Santos to third
|
Batting: RHB John Dew
|
0-0: Called Strike 0-1: Ball 1-1: Foul Ball, location: 2F 1-2: Grounds into double play, 5-4-3 (Groundball, 5S, EV 84.4 MPH)
|
Top of the 9th over - 0 runs, 0 hits, 1 error, 1 left on base; Winnipeg 2 - New Jersey 16 |
|